 Dungeon Crawl Stone Soup version 0.27-a0-941-g386ccf399c (webtiles) character file.

Game seed: 1207145898042561852

10 Glokmah the Grasshopper (level 2, -1/22 HPs)
             Began as a Demonspawn Warper on Apr 11, 2021.
             Was a Believer of Lugonu.
             Succumbed to an adder's poison
             ... on level 1 of the Dungeon.
             The game lasted 00:02:47 (1114 turns).

Glokmah the Grasshopper (Demonspawn Warper)         Turns: 1114, Time: 00:02:48

Health: -1/22      AC:  3    Str: 11    XL:     2   Next: 10%
Magic:  5/5        EV: 11    Int: 14    God:    Lugonu [**....]
Gold:   5          SH:  0    Dex: 12    Spells: 3/5 levels left

rFire    + . .     SeeInvis .   a - +0 hand axe
rCold    + . .     Faith    .   (no shield)
rNeg     . . .     Spirit   .   b - +0 leather armour
rPois    +         Reflect  .   (no helmet)
rElec    +         Harm     .   (no cloak)
rCorr    +         Rampage  .   (no gloves)
Will     .....                  (no boots)
Stlth    +.........             (no amulet)
HPRegen  0.07/turn              (no ring)
MPRegen  0.09/turn              (no ring)

@: lethally poisoned (-1 -> -8), resistant, flying
A: hooves 1
a: Renounce Religion, Depart the Abyss, Bend Space


You were on level 1 of the Dungeon.
You worshipped Lugonu.
Lugonu was pleased with you.
You visited 1 branch of the dungeon, and saw 2 of its levels.

You collected 5 gold pieces.

Inventory:

Hand Weapons
 a - a +0 hand axe (weapon)
Missiles
 c - 14 stones
 e - 5 boomerangs of dispersal
 i - 19 poisoned darts (quivered)
Armour
 b - a +0 leather armour (worn)
Scrolls
 d - a scroll of blinking
 f - a scroll of immolation {unknown}
 h - 3 scrolls of identify {unknown}
 j - a scroll of teleportation {unknown}
Potions
 l - a potion of cancellation {unknown}


   Skills:
 * Level 2.2 Fighting
 + Level 1.8 Axes
 - Level 0.8 Throwing
 + Level 1.0 Armour
 + Level 1.8 Dodging
 + Level 0.0 Stealth
 + Level 2.0 Spellcasting
 * Level 2.9 Translocations


You had 3 spell levels left.
You knew the following spells:

 Your Spells              Type           Power      Damage    Failure   Level
a - Blink                 Tloc           N/A        N/A       14%         2

Your spell library contained the following spells:

 Spells                   Type           Power      Damage    Failure   Level
 Gell's Gravitas          Tloc           4%         N/A       28%         3
 Lesser Beckoning         Tloc           4%         N/A       28%         3
 Teleport Other           Tloc           9%         N/A       28%         3
 Manifold Assault         Tloc           9%         N/A       95%         5


Dungeon Overview and Level Annotations

Branches:
Dungeon (2/15)

Altars:
Lugonu


Innate Abilities, Weirdness & Mutations

You have large cloven feet.


Message History

You blink.
Unknown command.
Casting: Blink (safe; 14% risk of failure)
Confirm with . or Enter, or press ? or * to list all spells.
Okay, then.
Casting: Blink (safe; 14% risk of failure)
Confirm with . or Enter, or press ? or * to list all spells.
You blink.
The rat barely misses you.
Casting: Blink (safe; 14% risk of failure)
Confirm with . or Enter, or press ? or * to list all spells.
You don't have enough magic to cast this spell.
The goblin closely misses you. The adder bites you but does no damage.
The adder bites you but does no damage. The goblin barely misses you.
The adder bites you.
* * * LOW HITPOINT WARNING * * *
You hit the adder.
The adder is almost dead.
The adder closely misses you. The adder bites you.
* * * LOW HITPOINT WARNING * * *
You are poisoned.
The adder poisons you!
You closely miss the adder.
The adder is almost dead.
You hit the goblin.
* * * LOW HITPOINT WARNING * * *
You feel sick. The adder bites you.
* * * LOW HITPOINT WARNING * * *
You are lethally poisoned!
The adder poisons you! The goblin barely misses you. The adder bites you.
* * * LOW HITPOINT WARNING * * *
It was a potion of flight.
You feel very buoyant.
You fly up into the air.
* * * LOW HITPOINT WARNING * * *
You feel sick. The goblin closely misses you. The adder barely misses you.
It was a potion of resistance.
You feel protected.
You die...

##### #...##### ######
###.#.....##########....#
#.#.#...................#####
#>...........r..............#
##+#...#...######........#####
#..........rS@...............#
#........#.#g##.#...#....####.
#......###.#.##.#....######...
#....#.# #.#.##......# ###...
#...r#.###.#.##......####.....
#....#r....#.##....#..........
#............###...#........#.
###..........##.............#.
#.............##.#........##


You could see an adder, a goblin and a rat.

Vanquished Creatures
  A bat (D:1)
  An endoplasm (D:1)
  2 hobgoblins (D:1)
  A ball python (D:1)
  A frilled lizard (D:1)
  5 rats (D:1)
11 creatures vanquished.

Vanquished Creatures (others)
  A fungus (D:1)
  2 plants (D:1)
3 creatures vanquished.

Grand Total: 14 creatures vanquished

Notes
Turn   | Place    | Note
-------+----------+-------------------------------------------
     0 | D:1      | Glokmah the Demonspawn Warper began the quest for the Orb.
     0 | D:1      | Reached XP level 1. HP: 16/16 MP: 3/3
   374 | D:1      | Found a faded altar of an unknown god.
   383 | D:1      | Became a worshipper of Lugonu the Unformed
   383 | D:1      | Reached * piety under Lugonu
   383 | D:1      | Reached ** piety under Lugonu
   439 | D:1      | Reached skill level 1 in Armour
   654 | D:1      | Gained mutation: You have large cloven feet. [demonic
                  | ancestry]
   654 | D:1      | Reached XP level 2. HP: 20/22 MP: 5/5
   657 | D:1      | Learned a level 2 spell: Blink
  1113 | D:1      | HP: 1/22 [poisoned by an adder]
  1114 | D:1      | Succumbed to an adder's poison

Illustrated notes

Levels and vault maps discovered:
D:1:      dpeg_arrival_castle, layout_basic, shapermc_ecumenical_altar_gd,
          chequers_avenue
D:2:      layout_rooms, kennysheep_generic_room_6

Skill      XL: |  1 |
---------------+----+-----
Armour         | 1 |  1.0
Fighting       | |  2.2
Axes           | |  1.8
Throwing       | |  0.8
Dodging        | |  1.8
Spellcasting   | |  2.0
Translocations | |  2.9

Action                   || total
-------------------------++-------
Melee: Hand axe          ||    41
       Kick              ||     1
 Cast: Blink             ||     2
  Use: Potion            ||     2
Armor: Leather armour    ||    13
Dodge: Dodged            ||    30

Table legend: (Time is in decaauts)
 A = Elapsed time spent in this place.
 B = Non-inter-level travel time spent in this place.
 C = Inter-level travel time spent in this place.
 D = Time resting spent in this place.
 E = Time spent auto-exploring this place.
 F = Levels seen in this place.
 G = Mean time per level.
                   A        B        C        D        E       F      G
               +--------+--------+--------+--------+--------+-----+--------+
         Total |   1125 |   1039 |     86 |    150 |    644 |   2 |  562.5 |
       Dungeon |   1125 |   1039 |     86 |    150 |    644 |   2 |  562.5 |
               +--------+--------+--------+--------+--------+-----+--------+

Top non-repeatable levels by time:
     D:1: 1113 daAuts
     D:2: 11 daAuts
